kurosawa_akira, chaotic female elven Priestess ------ .... -- -..%---- --.---......| |...........-- -.........<.| --..--......| |.@.......-- |G........- ---........| |........- |.......... ........%..- |..hf%........ --.G........|... ---..|.--.--- .| ------ -- -- kurosawa_akira the Acolyte Experience level: 5 Strength: 12 Dexterity: 11 Constitution: 13 Intelligence: 10 Wisdom: 20 Charisma: 11 Health: 0(30) Energy: 73(73) Def: 7 Gold: 417 Moves: 3626 Dungeon seed: k4dJfTUaC7t3QOhx Game ID: kurosawa_akira_1579605535 Your Inventory: Coins $ - 417 gold pieces Weapons a - a blessed +1 mace (weapon in hand) f - 25 blessed +0 darts (in quiver) o - 16 uncursed +0 darts Armor e - an uncursed +0 robe (being worn) n - an uncursed +0 small shield (being worn) q - an uncursed +0 pair of iron shoes (being worn) W - an uncursed +0 dwarvish iron helm (being worn) Comestibles c - an uncursed clove of garlic d - an uncursed sprig of wolfsbane G - 4 uncursed food rations S - 2 uncursed tripe rations Scrolls w - an uncursed scroll of confuse monster D - a cursed scroll of earth Z - an uncursed scroll of identify Potions b - a potion of holy water v - 2 uncursed potions of sickness E - an uncursed potion of healing Q - an uncursed potion of enlightenment Wands s - an uncursed wand of probing (0:2) V - an uncursed wand of digging (0:3) Tools g - an uncursed beartrap h - an uncursed oil lamp (0:731) i - an uncursed tooled horn m - an uncursed expensive camera (0:34) Gems y - an uncursed worthless piece of black glass z - an uncursed garnet stone N - 2 uncursed worthless pieces of violet glass Spells and supernatural/magical abilities: Name Level Category Cost Memory h - healing 1 healing 5pw 96% l - light 1 divination 5pw 96% T - turn undead 6 clerical 6000pw 100% W - pray for help -- divine ? -- X - turn undead -- divine ? -- Your skills at the end: Fighting Skills wands [Basic] Weapon Skills mace [Basic] Spellcasting Skills clerical spells [Basic] Final Attributes: You were piously aligned. You were immune to sleep. You saw invisible. You had infravision. You were invisible. Set was noncommittal. You are dead. Vanquished creatures: 2 small mimics a dwarf lord a rock piercer a shrieker 7 gnome lords a gnomish wizard 2 black naga hatchlings a floating eye a kitten 5 dwarves a rothe a werejackal 2 iguanas a coyote a gas spore a hobbit a cave spider 2 yellow molds a green mold a red mold 18 gnomes 4 geckos 6 jackals a kobold 3 goblins 2 sewer rats 9 grid bugs a lichen 2 kobold zombies 6 newts 86 creatures vanquished. Voluntary challenges: You were an atheist. You used a wielded weapon 57 times, starting on turn 99. You read items or engraved 58 times, starting on turn 331. You never genocided any monsters. You never polymorphed an object. You never changed form. You used no wishes. You never split a pudding. You wrote Elbereth's name 1 time, starting on turn 2189. You never violated your personal moral code. Dungeon overview: The Dungeons of Doom: levels 1 to 6 Level 1 a sink, a vault a long staircase Level 2 a fountain, a sink Level 3 a weapon shop, a vault Level 4 a scroll shop, a fountain stairs to The Gnomish Mines Level 5 (vault) a general store, a vault Level 6 The Gnomish Mines: levels 5 to 7 Level 5 stairs to The Dungeons of Doom Level 6 Level 7 <- You were here History has recorded: On T:1 you entered the Dungeons of Doom to retrieve the Amulet of Yendor! On T:64 you reached level 2 of The Dungeons of Doom. On T:569 you advanced to experience level 2. On T:851 you reached level 3 of The Dungeons of Doom. On T:924 you reached level 4 of The Dungeons of Doom. On T:1470 you reached level 5 of The Dungeons of Doom. On T:1819 you advanced to experience level 3. On T:2038 you reached level 6 of The Dungeons of Doom. On T:2218 you advanced to experience level 4. On T:2507 you reached level 1 of The Gnomish Mines. On T:2679 you reached level 2 of The Gnomish Mines. On T:3513 you reached level 3 of The Gnomish Mines. On T:3541 you advanced to experience level 5. Score breakdown: Gold: 417 ( 8916 points) Experience: 5 levels (11141 points) Exploration: 7 levels ( 13.46%) (10289 points) Discoveries: 17 items ( 5.86%) ( 7263 points) Valuables value: (no points given unless you survive) Artifact value: 0 ( 0 points) Variety of kills: 30 monsters ( 7.89%) ( 8429 points) Turncount: 3626 turns ( -879 points) Survival: died (score multiplied by 80%) Total score: 36127 Latest messages: The giant beetle bites the dwarf. The dwarf wields a pick-axe! The gnome queen looks less confused now. The giant beetle misses the dwarf. The dwarf swings his pick-axe at the giant beetle. The dwarf hits the giant beetle. The giant beetle bites the dwarf. The dwarf is killed! The dwarf wields a dagger! The dagger welds itself to the dwarf's hand! The large cat bites the dwarf. You miss the gnome queen. The large cat bites the dwarf. The dwarf thrusts her dagger at the large cat. The dwarf misses the large cat. The gnome queen swings her thonged club at you. The gnome queen hits! The gnome wields a dagger! You hit the gnome queen! The large cat bites the dwarf. The dwarf thrusts her dagger at the large cat. The dwarf misses the large cat. The gnome queen swings her thonged club at you. The gnome queen hits! You die... For some reason, you think that you can almost hear the Wizard laugh manically... Final status: Goodbye kurosawa_akira the Priestess, killed by a gnome queen... You died in The Gnomish Mines on dungeon level 7 with 36127 points, and 417 pieces of gold, after 3626 moves. You were level 5 with a maximum of 30 hit points when you died.